3AAA
SYLVANIA MAPLE LEAVES @ LÉVIS ROCKS
08/12/2019
 
TOP OF THE 1ST
Sylvania Maple Leaves batting - Pitching for Lévis Rocks : RHP Jim Unknown
Pitching: RHP Jim Unknown
Batting: RHB Kenny Norton 0-0: Ball
1-0: Called Strike
1-1: Ball
2-1: Ground out 5-3 (Groundball, 5)
Batting: SHB Curt Bryant 0-0: Ball
1-0: SINGLE (Groundball, 4MD)
Batting: RHB Anthony Johnston 0-0: Ball
1-0: Ball
2-0: Foul Ball, location: 2F
2-1: SINGLE (Line Drive, 8RS)
Curt Bryant to second
Batting: RHB Casey Washington 0-0: Called Strike
0-1: SINGLE (Groundball, 6D)
Curt Bryant to third
Anthony Johnston to second
Runner from 3rd tries for Home, SAFE, no throw or cutoff
Batting: RHB Bernardo Márquez 0-0: Ball
1-0: Hit by Pitch
Anthony Johnston to third
Casey Washington to second
Batting: RHB Ingo van Ham 0-0: Called Strike
0-1: Called Strike
0-2: Strikes out swinging
Batting: RHB Steve Ferguson 0-0: Ball
1-0: Ball
2-0: Ball
3-0: Called Strike
3-1: Base on Balls
Anthony Johnston scores
Casey Washington to third
Bernardo Márquez to second
Batting: RHB Dustin Walker 0-0: Swinging Strike
0-1: DOUBLE (Line Drive, 9LM)
Casey Washington scores
Bernardo Márquez scores
Steve Ferguson to third
Runner from 3rd tries for Home, SAFE, no throw or cutoff
Pitching: LHP Miguel López
Batting: RHB Fernando Díaz 0-0: Foul Ball, location: 2F
0-1: Ball
1-1: Ball
2-1: SINGLE (Groundball, 3S)
Dustin Walker to third
Runner from 3rd tries for Home, SAFE, no throw or cutoff
Batting: RHB Kenny Norton 0-0: Swinging Strike
0-1: Ball
1-1: Foul Ball, location: 2F
1-2: SINGLE (Groundball, 56D)
Fernando Díaz to second
Batting: SHB Curt Bryant 0-0: Called Strike
0-1: Ball
1-1: Fly out, F9 (Line Drive, 89S)
Top of the 1st over - 6 run(s), 6 hit(s), 0 error(s), 2 left on base; Sylvania 6 - Lévis 0
BOTTOM OF THE 1ST
Lévis Rocks batting - Pitching for Sylvania Maple Leaves : RHP Rusty King
Pitching: RHP Rusty King
Batting: LHB Edward Carlson 0-0: Called Strike
0-1: Fly out, F7 (Flyball, 7LSF)
Batting: RHB Carlos Mercado 0-0: Foul Ball, location: 2F
0-1: Ball
1-1: Foul Ball, location: 2F
1-2: Foul Ball, location: 2F
1-2: Ball
2-2: Ball
3-2: SINGLE (Line Drive, 4MD)
Batting: RHB Dan Holliday 0-0: Ball
1-0: Foul Ball, location: 2F
1-1: Ball
2-1: Ball
3-1: Foul Ball, location: 2F
3-2: SINGLE (Line Drive, 78S)
Carlos Mercado to second
Batting: RHB Ernie McPherson 0-0: Ball
1-0: Ball
2-0: Called Strike
2-1: Foul Ball, location: 2F
2-2: Grounds into double play, 6-4-3 (Groundball, 6)
Bottom of the 1st over - 0 run(s), 2 hit(s), 0 error(s), 1 left on base; Sylvania 6 - Lévis 0
TOP OF THE 2ND
Sylvania Maple Leaves batting - Pitching for Lévis Rocks : LHP Miguel López
Batting: RHB Anthony Johnston 0-0: Ball
1-0: Swinging Strike
1-1: Swinging Strike
1-2: Ball
2-2: Ground out 4-3 (Groundball, 4)
Batting: RHB Casey Washington 0-0: Ball
1-0: Ball
2-0: Swinging Strike
2-1: Fly out, F7 (Flyball, 7M)
Batting: RHB Bernardo Márquez 0-0: Ball
1-0: Called Strike
1-1: Called Strike
1-2: Ball
2-2: Foul Ball, location: 2F
2-2: Foul Ball, location: 2F
2-2: Fly out, F9 (Flyball, 89M)
Top of the 2nd over - 0 run(s), 0 hit(s), 0 error(s), 0 left on base; Sylvania 6 - Lévis 0
BOTTOM OF THE 2ND
Lévis Rocks batting - Pitching for Sylvania Maple Leaves : RHP Rusty King
Batting: RHB Raúl Valadez 0-0: Swinging Strike
0-1: Ball
1-1: Fly out, F9 (Flyball, 9LM)
Batting: SHB Bartolo Fernández 0-0: Called Strike
0-1: Called Strike
0-2: Foul Ball, location: 2F
0-2: Foul Ball, location: 2F
0-2: Ball
1-2: Strikes out swinging passed ball, reaches first!
Batting: RHB Jimmy Allen 0-0: Grounds into double play, 6-4-3 (Groundball, 6)
Bottom of the 2nd over - 0 run(s), 0 hit(s), 0 error(s), 0 left on base; Sylvania 6 - Lévis 0
TOP OF THE 3RD
Sylvania Maple Leaves batting - Pitching for Lévis Rocks : LHP Miguel López
Batting: RHB Ingo van Ham 0-0: Foul Ball, location: 2F
0-1: Swinging Strike
0-2: Ball
1-2: Foul Ball, location: 2F
1-2: Strikes out swinging
Batting: RHB Steve Ferguson 0-0: Called Strike
0-1: Ball
1-1: Fly out, F3 (Popup, 3SF)
Batting: RHB Dustin Walker 0-0: Called Strike
0-1: Ball
1-1: Foul Ball, location: 2F
1-2: Ball
2-2: Strikes out swinging
Top of the 3rd over - 0 run(s), 0 hit(s), 0 error(s), 0 left on base; Sylvania 6 - Lévis 0
BOTTOM OF THE 3RD
Lévis Rocks batting - Pitching for Sylvania Maple Leaves : RHP Rusty King
Batting: RHB Jim Unknown 0-0: Ball
1-0: SINGLE (Groundball, 34S)
Batting: RHB Jim Unknown 0-0: Ball
1-0: Hit by Pitch
Jim Unknown to second
Batting: LHB Edward Carlson 0-0: Fielders Choice at 2nd, 6-4 (Groundball, 6)
Jim Unknown to third
Batting: RHB Carlos Mercado 0-0: 3-RUN HOME RUN (Line Drive, 89XD), Distance : 366 ft
Batting: RHB Dan Holliday 0-0: Called Strike
0-1: Called Strike
0-2: Ground out 3-1 (Groundball, 3)
Batting: RHB Ernie McPherson 0-0: Ball
1-0: Foul Ball, location: 2F
1-1: Swinging Strike
1-2: Strikes out swinging
Bottom of the 3rd over - 3 run(s), 2 hit(s), 0 error(s), 0 left on base; Sylvania 6 - Lévis 3
TOP OF THE 4TH
Sylvania Maple Leaves batting - Pitching for Lévis Rocks : LHP Miguel López
Pitching: RHP Jim Unknown
Batting: RHB Fernando Díaz 0-0: Ball
1-0: Ball
2-0: Foul Ball, location: 2F
2-1: SOLO HOME RUN (Flyball, 7D), Distance : 374 ft
Batting: RHB Kenny Norton 0-0: Ball
1-0: Fly out, F9 (Flyball, 89D)
Batting: SHB Curt Bryant 0-0: Called Strike
0-1: Ball
1-1: Called Strike
1-2: Ball
2-2: SINGLE (Line Drive, 89S)
Batting: RHB Anthony Johnston 0-0: Called Strike
Curt Bryant steals 2nd base
0-1: Ground out 6-3 (Groundball, 6)
Curt Bryant to third
Batting: RHB Casey Washington 0-0: Foul Ball, location: 2F
0-1: Called Strike
0-2: Strikes out looking
Top of the 4th over - 1 run(s), 2 hit(s), 0 error(s), 1 left on base; Sylvania 7 - Lévis 3
BOTTOM OF THE 4TH
Lévis Rocks batting - Pitching for Sylvania Maple Leaves : RHP Rusty King
Batting: RHB Raúl Valadez 0-0: Ground out 2-3 (Groundball, 25)
Batting: SHB Bartolo Fernández 0-0: Ball
1-0: Called Strike
1-1: Ball
2-1: Foul Ball, location: 2F
2-2: Foul Ball, location: 2F
2-2: Foul Ball, location: 2F
2-2: Fly out, F9 (Flyball, 89M)
Batting: RHB Jimmy Allen 0-0: Ball
1-0: Ball
2-0: Ball
3-0: Called Strike
3-1: Base on Balls
Batting: RHB Jim Unknown 0-0: Foul Ball, location: 2F
0-1: Ball
1-1: Ground out 5-3 (Groundball, 5S)
Bottom of the 4th over - 0 run(s), 0 hit(s), 0 error(s), 1 left on base; Sylvania 7 - Lévis 3
TOP OF THE 5TH
Sylvania Maple Leaves batting - Pitching for Lévis Rocks : RHP Jim Unknown
Batting: RHB Bernardo Márquez 0-0: Ground out 4-3 (Groundball, 34)
Batting: RHB Ingo van Ham 0-0: Fly out, F7 (Flyball, 7M)
Batting: RHB Steve Ferguson 0-0: Called Strike
0-1: Called Strike
0-2: Foul Ball, location: 2F
0-2: SINGLE (Groundball, 5L)
Batting: RHB Dustin Walker 0-0: Called Strike
0-1: Foul Ball, location: 2F
0-2: Foul Ball, location: 2F
0-2: Ball
1-2: Strikes out swinging
Top of the 5th over - 0 run(s), 1 hit(s), 0 error(s), 1 left on base; Sylvania 7 - Lévis 3
BOTTOM OF THE 5TH
Lévis Rocks batting - Pitching for Sylvania Maple Leaves : RHP Rusty King
Batting: RHB Jim Unknown 0-0: Called Strike
0-1: Foul Ball, location: 2F
0-2: Ball
1-2: Ball
2-2: Strikes out looking
Batting: LHB Edward Carlson 0-0: Bunted foul
0-1: Ball
1-1: Ball
2-1: SOLO HOME RUN (Flyball, 9D), Distance : 360 ft
Batting: RHB Carlos Mercado 0-0: Ball
1-0: Ball
2-0: SINGLE (Line Drive, 7LS)
Batting: RHB Dan Holliday 0-0: Foul Ball, location: 2F
0-1: Fly out, F2 (Popup, 2RF)
Batting: RHB Ernie McPherson 0-0: Ball
1-0: Ball
2-0: Ball
3-0: Called Strike
3-1: Swinging Strike
3-2: Fly out, F9 (Line Drive, 9S)
Bottom of the 5th over - 1 run(s), 2 hit(s), 0 error(s), 1 left on base; Sylvania 7 - Lévis 4
TOP OF THE 6TH
Sylvania Maple Leaves batting - Pitching for Lévis Rocks : RHP Jim Unknown
Batting: RHB Fernando Díaz 0-0: Fly out, F9 (Flyball, 9LSF)
Batting: RHB Kenny Norton 0-0: Called Strike
0-1: SINGLE (Line Drive, 34D)
Batting: SHB Curt Bryant 0-0: Ball
Kenny Norton steals 2nd base
1-0: Foul Ball, location: 2F
1-1: Foul Ball, location: 2F
1-2: Foul Ball, location: 2F
1-2: SINGLE (Line Drive, 34D)
Kenny Norton to third
Runner from 3rd tries for Home, SAFE, no throw or cutoff
Pitching: RHP Aaron Morris
Batting: RHB Anthony Johnston 0-0: Foul Ball, location: 2F
0-1: Ball
1-1: SINGLE (Line Drive, 4MD)
Curt Bryant to second
Batting: RHB Casey Washington 0-0: Ball
1-0: Fly out, F7 (Line Drive, 7D)
Runner from 2nd tags up, SAFE at 3rd, no throw
Batting: RHB Bernardo Márquez 0-0: Ball
1-0: Swinging Strike
1-1: Fielders Choice at 2nd, U4 (Groundball, 4M)
Top of the 6th over - 1 run(s), 3 hit(s), 0 error(s), 2 left on base; Sylvania 8 - Lévis 4
BOTTOM OF THE 6TH
Lévis Rocks batting - Pitching for Sylvania Maple Leaves : RHP Rusty King
Batting: RHB Raúl Valadez 0-0: Ball
1-0: Ball
2-0: Ball
3-0: Base on Balls
Batting: SHB Bartolo Fernández 0-0: Foul Ball, location: 2F
0-1: Ball
1-1: Ball
2-1: Ball
3-1: Base on Balls
Raúl Valadez to second
Batting: RHB Jimmy Allen 0-0: Ball
1-0: Grounds into double play, 6-4-3 (Groundball, 6)
Raúl Valadez to third
Batting: RHB Jim Unknown 0-0: Ball
1-0: Called Strike
1-1: Called Strike
1-2: Foul Ball, location: 2F
1-2: Foul Ball, location: 2F
1-2: 2-RUN HOME RUN (Flyball, 7D), Distance : 361 ft
Batting: RHB Jim Unknown 0-0: Ball
1-0: Swinging Strike
1-1: Ball
2-1: SOLO HOME RUN (Flyball, 7LD), Distance : 346 ft
Pitching: RHP Paul Nance
Batting: LHB Edward Carlson 0-0: Fly out, F2 (Popup, 2LF)
Bottom of the 6th over - 3 run(s), 2 hit(s), 0 error(s), 0 left on base; Sylvania 8 - Lévis 7
TOP OF THE 7TH
Sylvania Maple Leaves batting - Pitching for Lévis Rocks : RHP Aaron Morris
Batting: RHB Ingo van Ham 0-0: Foul Ball, location: 2F
0-1: Swinging Strike
0-2: Ball
1-2: Ball
2-2: Foul Ball, location: 2F
2-2: Ball
3-2: Ground out 6-3 (Groundball, 6)
Batting: RHB Steve Ferguson 0-0: Fly out, F8 (Flyball, 8LM)
Batting: RHB Dustin Walker 0-0: Ball
1-0: Foul Ball, location: 2F
1-1: Ball
2-1: Swinging Strike
2-2: Strikes out swinging
Top of the 7th over - 0 run(s), 0 hit(s), 0 error(s), 0 left on base; Sylvania 8 - Lévis 7
BOTTOM OF THE 7TH
Lévis Rocks batting - Pitching for Sylvania Maple Leaves : RHP Paul Nance
Batting: RHB Carlos Mercado 0-0: Fly out, F8 (Flyball, 8RM)
Batting: RHB Dan Holliday 0-0: Ground out 5-3 (Groundball, 5)
Batting: RHB Ernie McPherson 0-0: Called Strike
0-1: Ball
1-1: SINGLE (Groundball, 4MD)
Batting: RHB Raúl Valadez 0-0: Fly out, F7 (Flyball, 7LS)
Bottom of the 7th over - 0 run(s), 1 hit(s), 0 error(s), 1 left on base; Sylvania 8 - Lévis 7
TOP OF THE 8TH
Sylvania Maple Leaves batting - Pitching for Lévis Rocks : RHP Aaron Morris
Batting: RHB Fernando Díaz 0-0: Ball
1-0: Foul Ball, location: 2F
1-1: Swinging Strike
1-2: Fly out, F9 (Flyball, 89M)
Pitching: RHP Aurelio Nieves
Batting: RHB Kenny Norton 0-0: Ball
1-0: Foul Ball, location: 2F
1-1: Ground out 6-3 (Groundball, 6S)
Batting: SHB Curt Bryant 0-0: SINGLE (Groundball, 6M) (infield hit)
Batting: RHB Anthony Johnston 0-0: Ball
1-0: Ball
2-0: Ball
3-0: Called Strike
3-1: Base on Balls
Curt Bryant to second
Batting: RHB Casey Washington 0-0: Called Strike
0-1: Fielders Choice at 2nd, 5-4 (Groundball, 5)
Top of the 8th over - 0 run(s), 1 hit(s), 0 error(s), 1 left on base; Sylvania 8 - Lévis 7
BOTTOM OF THE 8TH
Lévis Rocks batting - Pitching for Sylvania Maple Leaves : RHP Paul Nance
Pitching: LHP Juan García
Batting: SHB Bartolo Fernández 0-0: Called Strike
0-1: Ball
1-1: Ball
2-1: Swinging Strike
2-2: SOLO HOME RUN (Flyball, 78XD), Distance : 403 ft
Pinch Hitting: RHB Nectanebos Dolenian 0-0: Ball
1-0: Ball
2-0: Called Strike
2-1: SOLO HOME RUN (Flyball, 7D), Distance : 370 ft
Pitching: RHP Jim Unknown
Batting: RHB Jim Unknown 0-0: Ball
1-0: Called Strike
1-1: Foul Ball, location: 2F
1-2: Strikes out looking
Batting: RHB Jim Unknown 0-0: SOLO HOME RUN (Line Drive, 7D), Distance : 385 ft
Batting: LHB Edward Carlson 0-0: Swinging Strike
0-1: Ball
1-1: SINGLE (Groundball, 5D)
Batting: RHB Carlos Mercado 0-0: Ball
Wild Pitch!
Edward Carlson to second
1-0: Ball
2-0: Ground out 6-3 (Groundball, 56)
Batting: RHB Dan Holliday 0-0: Ball
1-0: Called Strike
1-1: Swinging Strike
1-2: Strikes out looking
Bottom of the 8th over - 3 run(s), 4 hit(s), 0 error(s), 1 left on base; Sylvania 8 - Lévis 10
TOP OF THE 9TH
Sylvania Maple Leaves batting - Pitching for Lévis Rocks : RHP Aurelio Nieves
Pitching: LHP Jim Unknown
Now in CF: Jim Unknown
Batting: RHB Bernardo Márquez 0-0: Ball
1-0: Ball
2-0: Called Strike
2-1: Fly out, F9 (Flyball, 9LM)
Batting: RHB Ingo van Ham 0-0: Ball
1-0: Ground out 4-3 (Groundball, 4)
Batting: RHB Steve Ferguson 0-0: Fly out, F3 (Popup, 3SF)
Top of the 9th over - 0 run(s), 0 hit(s), 0 error(s), 0 left on base; Sylvania 8 - Lévis 10
This league is powered by Out of the Park Baseball, the baseball management simulation game for PC, Mac and Linux
Saturday, July 25th, 2015 - OOTP Baseball 15.6 Build 34